 Dungeon Crawl Stone Soup version 0.25-a0-166-g16436c4407 (webtiles) character file.

Game seed: 17159049000469884291, levelgen mode: deterministic

191 Xomen1 the Ruffian (level 5, -2/42 HPs)
             Began as a Draconian Transmuter on Nov 24, 2019.
             Slain by Terence
             ... wielding a +1 trident of protection
              (9 damage)
             ... on level 2 of the Dungeon.
             The game lasted 00:04:45 (2774 turns).

Xomen1 the Ruffian (Draconian Transmuter)           Turns: 2774, Time: 00:04:45

Health: -2/42      AC:  5    Str: 14    XL:     5   Next: 42%
Magic:  1/8        EV: 12    Int: 13    God:
Gold:   87         SH:  0    Dex: 11    Spells: 2/8 levels left

rFire    . . .     SeeInvis .     - Unarmed
rCold    . . .     Gourm    .   (no shield)
rNeg     . . .     Faith    .   (armour unavailable)
rPois    .         Spirit   .   (helmet restricted)
rElec    .         Reflect  .   (no cloak)
rCorr    .         Harm     .   (no gloves)
MR       .....                  (no boots)
Stlth    +.........             (no amulet)
HPRegen  0.14/turn              (no ring)
MPRegen  0.11/turn              (no ring)

@: appendage (expiring), very slightly contaminated
A: unfitting armour, horns 2, cold-blooded, AC +5
a: End Transformation


You were on level 2 of the Dungeon.
You were hungry.
You had grown temporary horns.
You visited 1 branch of the dungeon, and saw 2 of its levels.

You collected 87 gold pieces.

Inventory:

Missiles
 a - 8 arrows
Jewellery
 i - an uncursed amulet of magic regeneration {unknown}
Scrolls
 e - 2 scrolls of blinking {unknown}
 g - a scroll of enchant weapon {unknown}
 k - a scroll of fog {unknown}
 l - a scroll of fear {unknown}
 m - a scroll of remove curse {unknown}
Potions
 b - a potion of haste {unknown}
 d - a potion of flight {unknown}
 f - a potion of curing {unknown}
 h - 2 potions of agility
 j - a potion of magic {unknown}
Comestibles
 c - 4 rations
 n - 2 chunks of flesh


   Skills:
 * Level 2.5 Fighting
 + Level 2.7 Dodging
 + Level 1.0 Stealth
 + Level 4.6 Unarmed Combat
 - Level 2.0 Spellcasting
 + Level 2.6 Transmutations


You had 2 spell levels left.
You knew the following spells:

 Your Spells              Type           Power        Failure   Level  Hunger
a - Beastly Appendage     Tmut           #.....       9%          1    ##.....
b - Sticks to Snakes      Tmut           #.......     13%         2    ###....
c - Spider Form           Tmut/Pois      #.........   41%         3    ####...

Your spell library contained the following spells:

 Spells                   Type           Power        Failure   Level  Hunger
 Ice Form                 Ice/Tmut       #.......     82%         4    #####..
 Blade Hands              Tmut           #.........   94%         5    ######.


Dungeon Overview and Level Annotations

Branches:
Dungeon (2/15)

Altars:

Annotations:
D:2 Jessica, Terence


Innate Abilities, Weirdness & Mutations

Your plain brown scales are hard. (AC +5)
You cannot fit into any form of body armour.
You are cold-blooded and may be slowed by cold attacks.
You have a pair of horns on your head.


Message History

Terence is moderately wounded.
Terence closely misses you.
Your ball python bites Terence.
Your ball python constricts Terence.
Your ball python bites Terence but does no damage.
Casting: Beastly Appendage (safe; 9% risk of failure)
Confirm with . or Enter, or press ? or * to list all spells.
You miscast Spider Form.
You are very lightly contaminated with residual magic.
Nothing appears to happen.
You are feeling hungry.
Your ball python bites Terence but does no damage.
Your ball python constricts Terence.
Your ball python bites Terence but does no damage.
Terence hits you with a +1 trident of protection!
* * * LOW HITPOINT WARNING * * *
Your ball python bites Terence but does no damage.
Your ball python constricts Terence.
Your ball python bites Terence but does no damage.
Terence hits you from afar with a +1 trident of protection!
You die...

#......###################
#.........................
#..........########.......
#.......##.#### #.......
#####.#.##....# ##...#.##
###.#.#####.####..###.#
#..................#..##
#..........####.........
#......@................
#.....S.S..####.........
####...@...# #..[......
#.......# #.........
##.#...#.####.........
##.[........##.........
######..#.........#.........
#...##.###.####.............
#......###.####.##....(.....


You could see Terence and 2 friendly ball pythons.

Vanquished Creatures
  Sigmund (D:2)
  Natasha (D:1)
  An adder (D:1)
  4 bats (D:1)
  2 giant cockroaches (D:2)
  4 goblins
  3 hobgoblins (D:1)
  A jackal (D:1)
  A quokka (D:2)
  A frilled lizard (D:1)
  A kobold (D:1)
  17 rats
37 creatures vanquished.

Notes
Turn   | Place    | Note
-------+----------+-------------------------------------------
     0 | D:1      | Xomen1 the Draconian Transmuter began the quest for the
                  | Orb.
     0 | D:1      | Reached XP level 1. HP: 16/16 MP: 3/3
   314 | D:1      | Reached XP level 2. HP: 6/23 MP: 3/5
  1929 | D:2      | Noticed Natasha
  1941 | D:1      | Killed Natasha
  1941 | D:1      | Reached XP level 3. HP: 10/29 MP: 4/6
  2276 | D:1      | Reached skill level 4 in Unarmed Combat
  2386 | D:2      | Noticed Sigmund
  2420 | D:1      | Learned a level 2 spell: Sticks to Snakes
  2424 | D:1      | Learned a level 3 spell: Spider Form
  2495 | D:2      | Killed Sigmund
  2495 | D:2      | Reached skill level 1 in Stealth
  2495 | D:2      | Reached XP level 4. HP: 33/37 MP: 1/7
  2495 | D:2      | Reached XP level 5. HP: 37/42 MP: 1/8
  2635 | D:2      | Noticed Jessica
  2721 | D:2      | Noticed Terence
  2774 | D:2      | Slain by Terence

Levels and vault maps discovered:
D:1:      erik_arrival_orb_chamber, layout_basic
D:2:      layout_rooms, first_ration, uniq_natasha, uniq_jessica, uniq_terence,
          uniq_sigmund

Skill      XL: |  1  2  3 |
---------------+----------+-----
Dodging        | 2 |  2.7
Unarmed Combat | 4 |  4.6
Fighting       | 2 |  2.5
Stealth        | 1 |  1.0
Spellcasting   | |  2.0
Transmutations | |  2.6

Action                   |  1- 3 |  4- 6 || total
-------------------------+-------+-------++-------
Melee: Unarmed           |   138 |    13 ||   151
       Tailslap          |    11 |     2 ||    13
       Kick              |     2 |       ||     2
       Punch             |     2 |     2 ||     4
 Cast: Beastly Appendage |     8 |     2 ||    10
       Sticks to Snakes  |     2 |     2 ||     4
  Eat: Chunk             |     4 |     2 ||     6
Armor: Skin              |    61 |     4 ||    65
Dodge: Dodged            |    98 |     8 ||   106

Table legend:
 A = Non-vault XP
 B = Vault XP
 C = Vault XP percentage of total XP
 D = Non-vault monster count
 E = Vault monster count
 F = Vault count percentage of total count
                 A         B        C        D         E       F
            +---------+---------+-------+---------+---------+-------
      Total |      49 |     225 |  82.1 |      23 |      14 |  37.8
            +---------+---------+-------+---------+---------+-------
        D:1 |      39 |      47 |  54.7 |      17 |      13 |  43.3
        D:2 |      10 |     178 |  94.7 |       6 |       1 |  14.3
            +---------+---------+-------+---------+---------+-------
